AoeStats
← javyvalentino

Arabia

505152015Analyzed
2v2 RM · 25d ago on Sep 8, 2026· 55m 13s· 4 players
Game mode
Random Map
Map size
Medium (4 player)
Population
200
Speed
Normal
Resources
Standard
Victory
Conquest
Starting age
Dark Age
Ending age
Imperial Age
RankedLock teamsTeams togetherTeam positionsShared explorationLock speedFull tech treeHidden civsTurbo modeCheats
Victory
Defeat
🇨🇳 Franks · China
637
+16
🇨🇳 Celts · China
633
+16
🇧🇷 Tupi · Brazil
662
-17
🇨🇱 Cumans · Chile
620
-15
狩猎
1:28 Loom
11:50 Feudal Age
12:43 Double-Bit Axe
13:11 Gold Mining
21:46 Castle Age
23:31 Wheelbarrow
22:42 Town Watch
25:03 Scale Barding Armor
25:25 Forging
25:16 Scale Mail Armor
26:40 Gold Shaft Mining
25:55 Stone Mining
26:18 Bow Saw
26:34 Husbandry
30:12 Town Patrol
30:27 Hand Cart
32:14 Chain Barding Armor
32:31 Iron Casting
32:12 Chain Mail Armor
32:52 Caravan
37:02 Chain Mail Armor
42:12 Imperial Age
43:45 Conscription
43:29 Chivalry
45:06 Plate Barding Armor
45:02 Plate Mail Armor
45:32 Blast Furnace
43:57 Cavalier
45:27 Paladin
板蓝根
8:10 Loom
12:50 Feudal Age
14:16 Wheelbarrow
14:16 Man-at-Arms
24:41 Castle Age
24:54 Double-Bit Axe
24:47 Light Cavalry
25:20 Pikeman
25:45 Long Swordsman
26:10 Gambesons
34:27 Forging
34:18 Scale Mail Armor
34:24 Scale Barding Armor
36:14 Bow Saw
35:48 Horse Collar
39:55 Hand Cart
44:58 Chain Barding Armor
44:40 Husbandry
48:05 Imperial Age
47:04 Iron Casting
46:45 Chain Mail Armor
46:34 Gold Mining
46:34 Stone Mining
49:51 Gold Shaft Mining
49:52 Stone Shaft Mining
48:57 Elite Woad Raider
51:47 Blast Furnace
51:18 Plate Mail Armor
51:13 Ballistics
50:48 Murder Holes
50:35 Treadmill Crane
51:59 Chemistry
50:52 Capped Ram
52:47 Halberdier
54:38 Stronghold
55:13 Conscription
55:09 Masonry
55:07 Siege Engineers
SAFIRA
0:43 Loom
10:57 Feudal Age
11:32 Double-Bit Axe
11:27 Horse Collar
11:39 Town Watch
15:51 Arson
15:27 Champi Runner
17:14 Wheelbarrow
20:16 Gold Mining
24:24 Padded Archer Armor
24:15 Fletching
24:36 Forging
29:03 Castle Age
29:28 Scale Mail Armor
30:10 Bow Saw
30:11 Crossbowman
33:27 Hand Cart
33:25 Treadmill Crane
33:35 Guard Tower
34:06 Ballistics
34:35 Stone Mining
35:57 Heavy Plow
35:26 Champi Warrior
37:03 Squires
36:23 Pikeman
40:38 Iron Casting
40:19 Leather Archer Armor
42:59 Town Patrol
45:42 Heated Shot
49:02 Bodkin Arrow
49:23 Chain Mail Armor
51:47 Gold Shaft Mining
55:01 Imperial Age
javyvalentino
5:24 Loom
11:48 Feudal Age
13:12 Wheelbarrow
12:24 Town Watch
22:45 Castle Age
23:46 Hand Cart
23:33 Town Patrol
25:16 Gold Mining
26:02 Double-Bit Axe
27:22 Gold Shaft Mining
26:40 Stone Mining
27:44 Bow Saw
27:17 Horse Collar
33:12 Imperial Age
33:39 Murder Holes
34:05 Ballistics
33:56 Masonry
33:40 Fletching
33:56 Scale Barding Armor
33:53 Padded Archer Armor
34:06 Scale Barding Armor
34:02 Scale Mail Armor
34:13 Forging
35:17 Chemistry
34:32 Heavy Plow
35:36 Two-Man Saw
35:09 Bodkin Arrow
35:40 Chain Barding Armor
35:56 Leather Archer Armor
36:33 Crop Rotation
36:53 Thumb Ring
38:27 Parthian Tactics
39:25 Hoardings
Connection lost

Rejoining the realm…

Still unreachable

The connection could not be restored.

Session expired

The server has moved on; the page needs a fresh start.